 Dungeon Crawl Stone Soup version 0.19-a0-1127-gac58878 (webtiles) character file.

740 kae the Carver (level 7, -10/57 HPs)
             Began as a Minotaur Fighter on Aug 12, 2016.
             Was an Initiate of Qazlal.
             Mangled by Prince Ribbit (14 damage)
             ... on level 5 of the Dungeon.
             The game lasted 00:06:35 (4169 turns).

kae the Carver (Minotaur Fighter)                   Turns: 4169, Time: 00:06:36

Health: -10/57     AC:  6    Str: 21    XL:     7   Next: 46%
Magic:  6/6        EV:  7    Int:  7    God:    Qazlal [......]
Gold:   170        SH:  0    Dex:  9    Spells: 0 memorised, 6 levels left

rFire  + . .     SeeInvis .     a - +0 long sword
rCold  . . .     Gourm    .     b - +0 scale mail
rNeg   + + +     Faith    .     c - +0 shield
rPois  .         Spirit   .     (helmet restricted)
rElec  +         Dismiss  .     E - +0 cloak
rCorr  .         Reflect  .     (no gloves)
SustAt .         Harm     .     e - +0 pair of boots
MR     +....                    z - amulet of magic regeneration
Stlth  ..........               C - ring of positive energy
                                D - ring of Syobun {rElec rF+ rN++ MR+ AC-3} (curse)

@: confused
A: retaliatory headbutt, horns 2
a: Renounce Religion


You were on level 5 of the Dungeon.
You worshipped Qazlal.
Qazlal was noncommittal.
You were hungry.

You visited 2 branches of the dungeon, and saw 6 of its levels.

You collected 170 gold pieces.

Inventory:

Hand Weapons
 a - a +0 long sword (weapon)
Armour
 b - a +0 scale mail (worn)
 c - a +0 shield (worn)
 e - a +0 pair of boots (worn)
 E - a +0 cloak (worn)
Jewellery
 x - an uncursed amulet of rage
 y - an uncursed ring of positive energy
 z - an amulet of magic regeneration (around neck)
 B - an uncursed amulet of the gourmand
 C - a ring of positive energy (right hand)
 D - the cursed ring of Syobun (left hand) {rElec rF+ rN++ MR+ AC-3}
   (You found it on level 4 of the Dungeon)

   [ring of protection]

   It affects your AC (-3).
   It protects you from fire.
   It insulates you from electricity.
   It greatly protects you from negative energy.
   It affects your resistance to hostile enchantments.
   It has a curse placed upon it.
Wands
 r - a wand of acid (11/15)
 F - a wand of flame (16/48)
Scrolls
 h - 2 scrolls of enchant weapon {unknown}
 p - a scroll of immolation {unknown}
 s - 3 scrolls of remove curse {unknown}
 t - a scroll of recharging {unknown}
 u - 5 scrolls of identify {unknown}
 G - a scroll of fear {unknown}
 H - a scroll of amnesia {unknown}
Potions
 d - 2 potions of might
 g - a potion of cancellation {unknown}
 i - a potion of invisibility {unknown}
 j - 4 potions of curing {unknown}
 k - a potion of berserk rage {unknown}
 n - a potion of resistance {unknown}
 q - a potion of mutation {unknown}
 A - a potion of haste {unknown}
Comestibles
 f - 4 bread rations
 l - a slice of pizza
 o - 5 meat rations
 v - a beef jerky
 w - 4 fruits
 I - a chunk of flesh


   Skills:
 - Level 3.6 Fighting
 + Level 10.2 Long Blades
 - Level 3.6 Armour
 - Level 3.6 Shields


You had 6 spell levels left.
You didn't know any spells.

Dungeon Overview and Level Annotations

Branches:
Dungeon (5/15)             Temple (1/1) D:4

Altars:
Ashenzari
Dithmenos
Elyvilon
Fedhas
Kikubaaqudgha
Nemelex Xobeh
Okawaru
Qazlal
Ru
Sif Muna
Trog
Uskayaw
Yredelemnul
Zin
The Shining One

Annotations:
D:4 exclusion: door
D:5 1 runed door, Prince Ribbit


Innate Abilities, Weirdness & Mutations

You reflexively headbutt those who attack you in melee.
You have a pair of horns on your head.


Message History

Your headbutt misses Prince Ribbit.
Prince Ribbit is heavily wounded.
Your shield and scale mail prevent you from hitting Prince Ribbit.
Prince Ribbit is heavily wounded.
Prince Ribbit hits you!
* * * LOW HITPOINT WARNING * * *
Prince Ribbit hits you.
* * * LOW HITPOINT WARNING * * *
You are too injured to fight recklessly!
You are too injured to fight recklessly!
You are too injured to fight recklessly!
You are too injured to fight recklessly!
It was a potion of ambrosia.
You are confused.
You feel invigorated. Prince Ribbit barely misses you.
You are more confused.
You feel more invigorated. Prince Ribbit hits you!
* * * LOW HITPOINT WARNING * * *
Prince Ribbit hits you!
You die...

#........ ......
#.......# ..... #.......#
#...F #######.......#
#.... ........#######
#.... ........# # #....
........# #
##....###########.#######
#.......@F..........##...
#.....###########.#.##...
#..... #...##... #.....
######... #.#### .......
.. ####### #


You could see Prince Ribbit.

Vanquished Creatures
  Sigmund (D:5)
  A sky beast (D:5)
  A giant frog skeleton (D:4)
  An orc priest (D:4)
  A hound (D:4)
  An iguana (D:5)
  Natasha (thrice) (D:2)
  6 orc wizards
  A worker ant zombie (D:3)
  4 adders
  An ooze (D:4)
  An adder skeleton (D:5)
  2 worms
  3 dart slugs
  2 giant geckos
  17 orcs
  2 ball pythons
  4 giant cockroaches
  4 goblins
  3 hobgoblins
  5 jackals
  A quokka (D:4)
  5 bats
  A giant gecko skeleton (D:5)
  A giant gecko zombie (D:3)
  6 giant newts
  11 kobolds
  4 quokka skeletons (D:3)
  4 rats (D:3)
97 creatures vanquished.

Notes
Turn   | Place    | Note
-------+----------+-------------------------------------------
     0 | D:1      | kae the Minotaur Fighter began the quest for the Orb.
     0 | D:1      | Reached XP level 1. HP: 19/19 MP: 0/0
   275 | D:1      | Reached skill level 3 in Long Blades
   408 | D:1      | Reached XP level 2. HP: 26/26 MP: 1/1
   727 | D:1      | Reached skill level 4 in Long Blades
  1070 | D:2      | Reached XP level 3. HP: 31/31 MP: 2/2
  1096 | D:2      | Found a faded altar of an unknown god.
  1112 | D:2      | Noticed Natasha
  1123 | D:2      | Killed Natasha
  1123 | D:2      | Reached skill level 5 in Long Blades
  1141 | D:2      | Noticed Natasha
  1148 | D:2      | Killed Natasha
  1148 | D:2      | Reached XP level 4. HP: 23/39 MP: 3/3
  1302 | D:2      | Noticed Natasha
  1307 | D:2      | Killed Natasha
  1349 | D:2      | Reached skill level 6 in Long Blades
  1569 | D:2      | Reached XP level 5. HP: 45/45 MP: 4/4
  1976 | D:2      | Found an ancient bone altar of Kikubaaqudgha.
  1976 | D:2      | Found a hide-covered altar of Uskayaw.
  2352 | D:3      | Reached skill level 7 in Long Blades
  2858 | D:4      | Reached XP level 6. HP: 44/51 MP: 5/5
  2913 | D:4      | Reached skill level 8 in Long Blades
  2979 | D:4      | Found a glowing silver altar of Zin.
  3055 | D:4      | Found a basalt altar of Yredelemnul.
  3066 | D:4      | Found a staircase to the Ecumenical Temple.
  3078 | Temple   | Entered the Ecumenical Temple
  3174 | Temple   | Became a worshipper of Qazlal Stormbringer
  3350 | D:4      | Got a sparkling glass ring
  3550 | D:4      | Identified the cursed ring of Syobun {rElec rF+ rN++ MR+ AC-3} (You found it on level 4 of the Dungeon)
  3764 | D:4      | Found a deep blue altar of Sif Muna.
  3910 | D:5      | Entered Level 5 of the Dungeon
  3915 | D:5      | Noticed a sky beast
  3916 | D:5      | Noticed Sigmund
  3928 | D:5      | Reached skill level 9 in Long Blades
  3932 | D:5      | Killed a sky beast
  3932 | D:5      | Reached XP level 7. HP: 45/57 MP: 6/6
  3945 | D:5      | Killed Sigmund
  3945 | D:5      | Reached skill level 10 in Long Blades
  4103 | D:5      | Found a runed door.
  4149 | D:5      | Noticed Prince Ribbit
  4169 | D:5      | Mangled by Prince Ribbit

Vault maps used:
D:1:      dpeg_arrival_circle_labyrinth_c
D:2:      gammafunk_temple_overflow_wave, ecumenical_altar_1,
          kennysheep_flooded_box, uniq_natasha
D:3:      serial_undead, serial_undead_f, serial_undead_f, serial_undead_b,
          serial_undead_e, serial_undead_a, serial_undead_e,
          minmay_misc_feat_tiny
D:4:      nicolae_overflow_crystal_walls, led_sif_book, zin_academy
D:5:      first_bread, basic_altar, uniq_crazy_yiuf_cottage, uniq_sigmund,
          uniq_prince_ribbit1, uniq_edmund
Temple:   zaba_magenta_temple

Skill      XL: |  1  2  3  4  5  6  7 |
---------------+----------------------+-----
Long Blades    | 3 4 5 6 7 9 10 | 10.2
Fighting       | |  3.6
Armour         | |  3.6
Shields        | |  3.6

Action                   |  1- 3 |  4- 6 |  7- 9 || total
-------------------------+-------+-------+-------++-------
Melee: Long sword        |    53 |   201 |    28 ||   282
       Headbutt          |     5 |    29 |     5 ||    39
  Use: Potion            |       |       |     2 ||     2
  Eat: Chunk             |     1 |     7 |     2 ||    10
Armor: Scale mail        |    17 |    69 |     5 ||    91
Dodge: Dodged            |     9 |    45 |     8 ||    62
Block: Shield            |    21 |    76 |     4 ||   101
